woodfighter, lawful female human Monk --- --.-- ---------...-------------------------- --.|............................*.....-- |......--.|.----%.----....-------......----- --........|-- |....---...| --.............| --......--- ----..<...--- |.......|.-....| |.......| --.. |....--- --.....-|....--- --....--- -... |....-- ---.--.-----.-- |...-- .. --...h.----|...|--- |. --..--- -.. |.........--.--- --- |....--- --.---..^.........| ---....| #.........u.......| |....---............|....--- |-...........*..%-----.....-- |.......--....@.u# |.......| -...........|.-X- |......*-- ..'.............|-- --.......| -----......--..| |.......| ----.------- ---..|.-- --- ------ woodfighter the Initiate Experience level: 9 Strength: 18/09 Dexterity: 16 Constitution: 15 Intelligence: 9 Wisdom: 10 Charisma: 11 Health: 0(64) Energy: 50(50) Def: 9 Gold: 25 Moves: 5835 Dungeon seed: 5y8Hg0omRh_fZ5rA Game ID: woodfighter_1533554676 Your Inventory: Coins $ - 25 gold pieces Weapons T - 3 +0 orcish spears (in quiver) Armor e - an uncursed +1 dwarvish cloak n - an uncursed +1 robe (being worn) q - an uncursed +0 pair of high boots (being worn) z - an uncursed +0 dwarvish cloak N - an uncursed +2 pair of leather gloves (being worn) Y - an uncursed +0 orcish helm (being worn) Comestibles f - 4 uncursed apples g - 5 uncursed oranges B - 3 uncursed magic beans F - 6 uncursed food rations Scrolls b - an uncursed scroll of create monster Spellbooks Z - an uncursed spellbook of detect treasure Rings E - an uncursed ring of regeneration (on left hand) Wands a - a wand of light (0:11) d - a wand of teleportation (0:4) Tools j - an uncursed oil lamp (0:1007) s - an uncursed bag of holding w - an uncursed magic whistle y - an uncursed skeleton key W - an uncursed towel Gems r - an uncursed luckstone Contents of the bag of holding: an uncursed [+0] mummy wrapping an uncursed ring of levitation Spells and supernatural/magical abilities: Name Level Category Fail Memory h - healing 1 healing 0% 71% W - pray for help -- divine ? -- Your skills at the end: Miscellaneous Skills martial arts [Expert] wands [Basic] Weapon Skills shuriken [Basic] Spellcasting Skills healing spells [Basic] Final Attributes: You were fervently aligned. You were sleep resistant. You were poison resistant. Your writing hand was ok. You saw invisible. You were warned. You had automatic searching. You were very stealthy. You regenerated. You were fast. You were lucky. You had extra luck. Bad luck did not time out for you. Good luck did not time out for you. You are dead. Vanquished creatures: a baby yellow dragon 2 giant mimics a large mimic a large dog a freezing sphere a gelatinous cube a crocodile an ettin zombie a panther a gremlin 2 giant spiders a horse a vampire bat 2 orc mummies a brown pudding a yeti a werewolf 2 jaguars a dwarf lord a blue jelly 2 snakes 2 apes 5 soldier ants a yellow light a bugbear 2 wood nymphs 4 Mordor orcs a rock mole a pony 2 fog clouds a shrieker a violet fungus 12 gnome lords 2 gnomish wizards a black naga hatchling a guardian naga hatchling 2 gray oozes a barrow wight a straw golem a paper golem 6 giant ants a puppy a floating eye 2 kittens a dwarf a homunculus a quasit 3 kobold lords 2 iguanas 8 hill orcs a rothe a rabid rat 2 jitterbugs 2 orc zombies a werejackal 6 killer bees 9 coyotes 2 gas spores a hobbit 2 acid blobs 2 large kobolds 3 geckos 8 giant rats a cave spider 2 brown molds 3 yellow molds 2 green molds 3 red molds 40 gnomes 5 garter snakes 13 manes 3 gnome zombies 14 jackals a fox 2 kobolds 2 newts 3 goblins 6 sewer rats 4 grid bugs 9 bats 5 lichens 252 creatures vanquished. Voluntary challenges: You were vegetarian. You did not cause conflict. You were not invisible. You did not have reflection. You were not displaced. You had been an atheist until turn 2419. You never hit with a wielded weapon. You did not apply a unicorn horn. You did not use plumbed fixtures. You did not drink any magical draughts. You read items or engraved 10 times, starting on turn 736. You never genocided any monsters. You never polymorphed an object. You never changed form. You completed Sokoban on turn 4025, according to the rules. You used no wishes. You never split a pudding. You never wrote Elbereth's name. You never violated your personal moral code. Dungeon overview: The Dungeons of Doom: levels 1 to 10 Level 1 a long staircase Level 2 a bookstore, a fountain Level 3 (box) Level 4 a general store stairs to The Gnomish Mines Level 5 Level 6 a sink Level 7 Level 8 many fountains Level 9 stairs to Sokoban Level 10 The Gnomish Mines: levels 5 to 10 Level 5 stairs to The Dungeons of Doom Level 6 Level 7 Level 8 some shops, a temple to Huan Ti, a magic chest, some fountains Level 9 Level 10 <- You were here Sokoban: levels 5 to 8 Level 5 a magic chest Level 6 Level 7 Level 8 an altar to Chih Sung-tzu, a magic chest stairs to The Dungeons of Doom History has recorded: On T:1 you entered the Dungeons of Doom to retrieve the Amulet of Yendor! On T:87 you reached level 2 of The Dungeons of Doom. On T:457 you advanced to experience level 2. On T:485 you reached level 3 of The Dungeons of Doom. On T:852 you reached level 4 of The Dungeons of Doom. On T:853 you advanced to experience level 3. On T:868 you reached level 5 of The Dungeons of Doom. On T:894 you reached level 1 of The Gnomish Mines. On T:1077 you advanced to experience level 4. On T:1185 you advanced to experience level 5. On T:1242 you reached level 6 of The Dungeons of Doom. On T:1467 you reached level 7 of The Dungeons of Doom. On T:1660 you advanced to experience level 6. On T:1737 you reached level 8 of The Dungeons of Doom. On T:1848 you reached level 9 of The Dungeons of Doom. On T:2193 you advanced to experience level 7. On T:2205 you reached level 10 of The Dungeons of Doom. On T:2238 you reached level 4 of Sokoban. On T:2417 you opened a magic chest. On T:2568 you reached level 3 of Sokoban. On T:3054 you reached level 2 of Sokoban. On T:3323 you reached level 1 of Sokoban. On T:3330 you advanced to experience level 8. On T:4025 you advanced to experience level 9. On T:4025 you entered the Sokoban zoo. On T:4691 you reached level 2 of The Gnomish Mines. On T:4763 you reached level 3 of The Gnomish Mines. On T:4986 you reached level 4 of The Gnomish Mines. On T:5211 you reached level 5 of The Gnomish Mines. On T:5308 you entered the Minetown temple On T:5552 you reached level 6 of The Gnomish Mines. Score breakdown: Gold: 25 ( 2 points) Experience: 9 levels ( 800 points) Exploration: 10 levels ( 270 points) Discoveries: 25 items ( 1250 points) Variety of kills: 81 monsters ( 2000 points) Major goal: finished Sokoban ( 1000 points) Survival: died (score multiplied by 3) Total score: 15966 Latest messages: You displace your warhorse. You see here a green gem. You displace your warhorse. You see here a black gem. You displace your warhorse. The warhorse drops a gnome corpse. You feel tough! You must be leading a healthy life-style. You displace your warhorse. You stop. Your warhorse is in the way! The warhorse picks up a gnome corpse. You stop exploring. (2x) You feel that monsters are aware of your presence. The baby yellow dragon bites! You strike the baby yellow dragon! (2x) The baby yellow dragon bites! You kill the baby yellow dragon! You see here a baby yellow dragon corpse. You feel that monsters are aware of your presence. You hear crashing rock. The warhorse drops a gnome corpse. You kill the gnome! The deep ettin punches you! (2x) The deep ettin points at you, then curses. You strike the deep ettin! (2x) The deep ettin punches you! (2x) You die... Final status: Goodbye woodfighter the Monk, killed by a deep ettin... You died in The Gnomish Mines on dungeon level 10 with 15966 points, and 25 pieces of gold, after 5835 moves. You were level 9 with a maximum of 64 hit points when you died.